 Dungeon Crawl Stone Soup version 0.31.0-9-g3a7656b989 (webtiles) character file.

Game seed: 13376639550567411572

65 qw the Shooter (level 3, 0/20 HPs)
             Began as a Deep Elf Hunter on Feb 2, 2024.
             Slain by a gnoll
             ... wielding a +0 club
              (7 damage)
             ... on level 2 of the Dungeon.
             The game lasted 00:00:04 (1163 turns).

qw the Shooter (Deep Elf Hunter)                    Turns: 1163, Time: 00:00:05

Health: 0/20       AC:  5    Str: 10    XL:     3   Next: 92%
Magic:  5/5        EV: 11    Int: 13    God:
Gold:   65         SH:  0    Dex: 18    Spells: 2/2 levels left

rFire   . . .        a - +0 shortbow
rCold   . . .        (shield currently unavailable)
rNeg    . . .        e - +0 ring mail
rPois   .            (no helmet)
rElec   .            (no cloak)
rCorr   .            (no gloves)
SInv    .            (no boots)
Will    .....        (no amulet)
Stlth   +            (no ring)
HPRegen 0.23/turn    (no ring)
MPRegen 0.09/turn

%: no passive effects
@: no status effects
A: no striking features
a: no special abilities


You were on level 2 of the Dungeon.
You visited 1 branch of the dungeon, and saw 2 of its levels.

You collected 65 gold pieces.


   Skills:
 - Level 1.5 Fighting
 + Level 7.4 Ranged Weapons
 - Level 2.4 Dodging
 - Level 1.2 Stealth


You had 2 spell levels left.
You didn't know any spells.
Your spell library was empty.

Inventory:

Hand Weapons
 a - a +0 shortbow (weapon)
Armour
 c - a +0 cloak
 e - a +0 ring mail (worn)
Jewellery
 b - an amulet of reflection
Potions
 g - a potion of might
 h - a potion of haste {unknown}
 i - a potion of lignification {unknown}
 j - a potion of berserk rage {unknown}

Dungeon Overview and Level Annotations

Branches:
Dungeon (2/15)

Altars:


Message History

1137 ||| FLEEEEING.
1138 ||| FLEEEEING.
The gnoll shouts!
1139 ||| FLEEEEING.
1140 ||| FLEEEEING.
1141 ||| FLEEEEING.
You start resting.
A gnoll is nearby!
1143 ||| FLEEEEING.
1144 ||| FLEEEEING.
1145 ||| FLEEEEING.
1146 ||| FLEEEEING.
1147 ||| FLEEEEING.
You see here a +0 short sword.
1148 ||| FLEEEEING.
1149 ||| FLEEEEING.
1150 ||| FLEEEEING.
1151 ||| FLEEEEING.
1152 ||| FLEEEEING.
1153 ||| FLEEEEING.
1154 ||| FLEEEEING.
1155 ||| FLEEEEING.
1156 ||| FLEEEEING.
You shoot an arrow. The arrow barely misses the gnoll.
The gnoll barely misses you.
You shoot an arrow. The arrow hits the gnoll.
The gnoll is moderately wounded.
The gnoll misses you.
You shoot an arrow. The arrow hits the gnoll!
The gnoll is severely wounded.
The gnoll hits you with a +0 club.
You shoot an arrow. The arrow barely misses the gnoll.
The gnoll barely misses you.
You shoot an arrow. The arrow barely misses the gnoll.
You shoot an arrow. The arrow hits the gnoll!
You kill the gnoll!
The gnoll misses you.
You shoot an arrow. The arrow closely misses the gnoll.
The gnoll hits you with a +0 club!
You die...

### g.### ..g.# ..#.#
#.#.#
#.#.##############
#.#....).......g)#
#.##############@#
#.# #.# #.# #.# #.#
##### #.# ...## #.# .
#####...######.####
.##.....#....##.....#
....###...##.##.###.#


You could see a gnoll.

Vanquished Creatures
  A gnoll (D:2)
  An adder (D:2)
  A ribbon worm (D:2)
  A dart slug (D:1)
  5 ball pythons
  7 endoplasms
  A giant cockroach (D:1)
  3 goblins (D:1)
  2 hobgoblins
  4 bats
  A frilled lizard (D:1)
  5 kobolds (D:1)
  8 rats
40 creatures vanquished.

Notes
Turn   | Place    | Note
-------+----------+-------------------------------------------
     0 | D:1      | qw the Deep Elf Hunter began the quest for the Orb.
     0 | D:1      | Reached XP level 1. HP: 12/12 MP: 3/3
     0 | D:1      | 0 ||| qw: Version: 0.3-a-155-g5e7d8dd
     0 | D:1      | 0 ||| qw: Game counter: 2405
     0 | D:1      | 0 ||| qw: Melee chars always use a shield: true
     0 | D:1      | 0 ||| qw: God list: Okawaru
     0 | D:1      | 0 ||| qw: Allow faded altars: false
     0 | D:1      | 0 ||| qw: Do Orc after clearing Dungeon:15 true
     0 | D:1      | 0 ||| qw: Do second Lair branch before Depths: true
     0 | D:1      | 0 ||| qw: Lair rune preference: random
     0 | D:1      | 0 ||| qw: Goals: Normal
     0 | D:1      | 0 ||| PLANNING D:1-11
   188 | D:1      | Reached skill level 6 in Ranged Weapons
   188 | D:1      | Reached XP level 2. HP: 16/16 MP: 4/4
   606 | D:1      | Reached XP level 3. HP: 18/20 MP: 5/5
   838 | D:1      | 838 ||| UPGRADING to +0 ring mail.
   848 | D:1      | 848 ||| DROPPING +0 leather armour.
   849 | D:1      | 849 ||| READING 3 scrolls labelled PEUZXA FAGEDUTH.
   854 | D:1      | 854 ||| READING scroll labelled TUYSKEUHEXE.
   854 | D:1      | 854 ||| IDENTIFYING bubbling green potion
   855 | D:1      | 855 ||| DROPPING scroll of butterflies.
  1092 | D:2      | Reached skill level 7 in Ranged Weapons
  1118 | D:2      | 1118 ||| RETREEEEATING.
  1119 | D:2      | HP: 3/20 [gnoll/+0 halberd (12)]
  1120 | D:2      | 1120 ||| READING 2 scrolls of teleportation.
  1122 | D:2      | 1122 ||| RETREEEEATING.
  1124 | D:2      | 1124 ||| RETREEEEATING.
  1125 | D:2      | 1125 ||| READING scroll of teleportation.
  1127 | D:2      | HP: 4/20 [adder (1)]
  1129 | D:2      | 1129 ||| FLEEEEING.
  1130 | D:2      | 1130 ||| FLEEEEING.
  1130 | D:2      | HP: 1/20 [poisoned by an adder]
  1131 | D:2      | 1131 ||| FLEEEEING.
  1133 | D:2      | 1133 ||| FLEEEEING.
  1136 | D:2      | 1136 ||| FLEEEEING.
  1137 | D:2      | 1137 ||| FLEEEEING.
  1138 | D:2      | 1138 ||| FLEEEEING.
  1139 | D:2      | 1139 ||| FLEEEEING.
  1140 | D:2      | 1140 ||| FLEEEEING.
  1141 | D:2      | 1141 ||| FLEEEEING.
  1143 | D:2      | 1143 ||| FLEEEEING.
  1144 | D:2      | 1144 ||| FLEEEEING.
  1145 | D:2      | 1145 ||| FLEEEEING.
  1146 | D:2      | 1146 ||| FLEEEEING.
  1147 | D:2      | 1147 ||| FLEEEEING.
  1148 | D:2      | 1148 ||| FLEEEEING.
  1149 | D:2      | 1149 ||| FLEEEEING.
  1150 | D:2      | 1150 ||| FLEEEEING.
  1151 | D:2      | 1151 ||| FLEEEEING.
  1152 | D:2      | 1152 ||| FLEEEEING.
  1153 | D:2      | 1153 ||| FLEEEEING.
  1154 | D:2      | 1154 ||| FLEEEEING.
  1155 | D:2      | 1155 ||| FLEEEEING.
  1156 | D:2      | 1156 ||| FLEEEEING.
  1163 | D:2      | Slain by a gnoll

Levels and vault maps discovered:
D:1:      zelgadis_glass_arrival_small, layout_basic
D:2:      layout_loops_ring, basic_altar, nicolae_nh_oracle_at_delphi

Skill      XL: |  1  2  3 |
---------------+----------+-----
Ranged Weapons | 6 7 |  7.4
Fighting       | |  1.5
Dodging        | |  2.4
Stealth        | |  1.2

Action                     || total
---------------------------++-------
   Fire: Shortbow          ||    99
    Use: Scroll            ||     4
 Armour: Leather armour    ||    11
         Ring mail         ||    13
  Dodge: Dodged            ||    22

Table legend:
 A = Non-vault XP
 B = Vault XP
 C = Vault XP percentage of total XP
 D = Non-vault monster count
 E = Vault monster count
 F = Vault count percentage of total count
                 A         B        C        D         E       F
            +---------+---------+-------+---------+---------+-------
      Total |      93 |       0 |   0.0 |      40 |       0 |   0.0
            +---------+---------+-------+---------+---------+-------
        D:1 |      42 |       0 |   0.0 |      26 |       0 |   0.0
        D:2 |      51 |       0 |   0.0 |      14 |       0 |   0.0
            +---------+---------+-------+---------+---------+-------
